 Dungeon Crawl Stone Soup version 0.19-a0-1002-g674d22e (webtiles) character file.

91 HAL9000 the Skirmisher (level 4, -1/49 HPs)
             Began as an Ogre Hunter on July 18, 2016.
             Was a Follower of Trog.
             Slain by Natasha (2 damage)
             ... on level 2 of the Dungeon.
             The game lasted 00:03:34 (2311 turns).

HAL9000 the Skirmisher (Ogre Hunter)                Turns: 2311, Time: 00:03:35

Health: -1/49      AC:  3    Str: 17    XL:     4   Next: 57%
Magic:  4/4        EV: 10    Int: 10    God:    Trog [*.....]
Gold:   13         SH:  0    Dex: 11    Spells: 0 memorised, 3 levels left

rFire  . . .     SeeInvis .     a - +0 short sword
rCold  . . .     Gourm    .     b - +0 robe
rNeg   . . .     Faith    .     (no shield)
rPois  .         Spirit   .     (helmet restricted)
rElec  .         Dismiss  .     (no cloak)
rCorr  .         Reflect  .     (gloves unavailable)
SustAt .         Harm     .     (boots unavailable)
MR     .....                    (no amulet)
Stlth  +.........               (no ring)
                                (no ring)

@: slowed, very slow, not resistant to hostile enchantments, very unstealthy
A: unfitting armour, tough skin 1
a: Berserk, Burn Spellbooks, Renounce Religion


You were on level 2 of the Dungeon.
You worshipped Trog.
Trog was aware of your devotion.
You were hungry.

You visited 1 branch of the dungeon, and saw 2 of its levels.

You collected 13 gold pieces.

Inventory:

Hand Weapons
 a - a +0 short sword (weapon)
 m - a +0 whip
Missiles
 c - 5 large rocks (quivered)
 d - 2 throwing nets
Armour
 b - a +0 robe (worn)
Scrolls
 l - a scroll of identify {unknown}
 o - a scroll of teleportation {unknown}
 p - a scroll of noise {unknown}
 t - a scroll of remove curse
Potions
 j - a potion of resistance
 k - a potion of cure mutation {unknown}
 n - a potion of heal wounds {unknown}
 q - 3 potions of curing {unknown}
 r - a potion of invisibility {unknown}
Comestibles
 f - a bread ration
 i - 2 meat rations


   Skills:
 + Level 4.7 Fighting
 * Level 3.6 Maces & Flails
 - Level 4.0 Throwing
 - Level 1.7 Dodging
 - Level 0.7 Stealth


You had 3 spell levels left.
You didn't know any spells.

Dungeon Overview and Level Annotations

Branches:
Dungeon (2/15)

Altars:
Trog

Annotations:
D:2 Natasha


Innate Abilities, Weirdness & Mutations

You are too large for most types of armour.
You have tough skin. (AC +1)


Message History

Natasha is lightly wounded.
Natasha claws you! Natasha claws you.
You hit Natasha.
Natasha is heavily wounded.
Natasha completely misses you. Natasha claws you.
You hit Natasha.
Natasha is severely wounded.
Natasha mumbles some strange words.
You barely miss Natasha.
Natasha is severely wounded.
Natasha claws you. The shadow imp hits you. Natasha claws you.
You hit Natasha but do no damage.
Natasha is severely wounded.
The shadow imp gestures at you. Pain shoots through your body!
* * * LOW HITPOINT WARNING * * *
Natasha misses you. The shadow imp hits you.
* * * LOW HITPOINT WARNING * * *
Natasha claws you.
You die...

#..........# #......
#..........# #......
#..........####..8...
#............##....8.
#.########.#.##......
#. ..##.#.........
#.##.####......
#.#####.##.# #......
#..h@5.....# #.....#
#######.#### #....#.
#.# #...#.# #.#
#..#.## #.# #.#.##
#.# ##.#### #.#
#...... #..
......###.# ######
#.#


You could see Natasha and a shadow imp.

Vanquished Creatures
  Jessica (D:2)
  An adder (D:2)
  2 worms (D:2)
  A dart slug (D:2)
  A giant gecko (D:2)
  6 bats
  2 giant cockroaches
  5 hobgoblins
  2 jackals (D:2)
  A quokka (D:2)
  5 giant newts
  7 goblins
  5 kobolds
  9 rats
48 creatures vanquished.

Notes
Turn   | Place    | Note
-------+----------+-------------------------------------------
     0 | D:1      | HAL9000 the Ogre Hunter began the quest for the Orb.
     0 | D:1      | Reached XP level 1. HP: 22/22 MP: 1/1
    79 | D:1      | Reached skill level 1 in Maces & Flails
    79 | D:1      | Reached XP level 2. HP: 10/31 MP: 2/2
   842 | D:1      | Reached XP level 3. HP: 36/39 MP: 3/3
  1113 | D:2      | Found a bloodstained altar of Trog.
  1140 | D:2      | Became a worshipper of Trog the Wrathful
  1534 | D:2      | Noticed Jessica
  1761 | D:2      | Killed Jessica
  1761 | D:2      | Reached XP level 4. HP: 19/49 MP: 4/4
  2245 | D:2      | Reached * piety under Trog
  2297 | D:2      | Noticed Natasha
  2311 | D:2      | HP: 1/49 [shadow imp[Natasha] (5)]
  2311 | D:2      | Slain by Natasha

Vault maps used:
D:1:      dpeg_arrival_rhombi
D:2:      wad_pebble_path, old_standard_altar, uniq_natasha, uniq_jessica

Skill      XL: |  1  2  3 |
---------------+----------+-----
Fighting       | 3 4 |  4.7
Maces & Flails | 1 2 3 |  3.6
Throwing       | |  4.0
Dodging        | |  1.7
Stealth        | |  0.7

Action                   |  1- 3 |  4- 6 || total
-------------------------+-------+-------++-------
Melee: Short sword       |   126 |    72 ||   198
Throw: Large rock        |     4 |       ||     4
  Use: Scroll            |     1 |       ||     1
       Potion            |     1 |       ||     1
  Eat: Chunk             |     3 |     1 ||     4
Armor: Robe              |    42 |    19 ||    61
Dodge: Dodged            |    90 |    47 ||   137
